Map: Lerilak Crest

Players

HzVee - Winner!

  • Race: Protoss Protoss
  • League: Bronze

InFiniTy

  • Race: Zerg Zerg
  • League: Bronze

VOD

Have the link to the VOD?

Description

Time

  • Played on: Oct. 28, 2015, 7:45 a.m.
  • Length: 9:05
Show
View Real Time Build Order
Export as new Build Order

HzVee Protoss - Winner!

Build Orders:  

Get SALT Encoding   

  12  0:01  Probe (Chrono Boost)  
  13  0:12  Probe (Chrono Boost)  
  14  0:19  Pylon  
  14  0:25  Probe (Chrono Boost)  
  15  0:37  Probe (Chrono Boost)  
  15  0:40  Gateway  
  16  0:46  Assimilator  
  16  0:49  Probe (Chrono Boost)  
  17  0:59  Probe (Chrono Boost)  
  18  1:09  Gateway  
  18  1:10  Probe (Chrono Boost)  
  19  1:22  Pylon  
  19  1:33  Probe (Chrono Boost)  
  20  1:44  Probe (Chrono Boost)  
  21  1:48  Assimilator  
  21  1:51  Cybernetics Core  
  21  1:54  Probe (Chrono Boost)  
  21  2:00  Zealot  
  24  2:05  Probe (Chrono Boost)  
  25  2:23  Nexus  
  25  2:26  Pylon  
  25  2:34  Warp Gate (Chrono Boost)  
  25  2:36  Probe  
  26  2:48  Probe  
  26  2:50  Adept  
  29  2:53  Zealot  
  31  3:00  Mothership Core  
  33  3:21  Probe  
  34  3:32  Pylon  
  34  3:33  Probe  
  35  3:45  Probe  
  35  3:47  Adept x2  
  40  4:01  Robotics Facility  
  40  4:06  Probe  
  40  4:07  Pylon  
  41  4:17  Probe  
  41  4:18  Gateway  
  41  4:21  Pylon  
  42  4:28  Probe  
  43  4:32  Forge  
  43  4:36  Gateway  
  43  4:38  Probe  
  40  4:46  Stalker x2  
  40  4:49  Probe  
  39  4:53  Pylon  
  39  4:59  Probe  
  39  5:05  Assimilator  
  40  5:09  Protoss Ground Weapons Level 1 (Chrono Boost)  
  40  5:10  Probe  
  40  5:13  Immortal  
  45  5:20  Probe  
  45  5:23  Zealot x2  
  50  5:28  Assimilator  
  50  5:31  Probe  
  51  5:39  Gateway  
  51  5:41  Probe  
  51  5:43  Pylon  
  51  5:46  Zealot x3  
  58  5:52  Probe  
  59  6:02  Probe  
  59  6:08  Observer  
  61  6:12  Adept x3  
  61  6:13  Probe  
  68  6:24  Twilight Council  
  68  6:31  Gateway  
  68  6:36  Stalker x3  
  68  6:37  Stalker  
  68  7:02  Zealot x3  
  68  7:03  Zealot  
  76  7:10  Robotics Bay  
  76  7:24  Stalker x3  
  76  7:29  Nexus  
  82  7:36  Pylon  
  82  7:43  Pylon  
  82  7:47  Pylon  
  82  7:53  Stalker x4  
  90  8:10  Stalker  
  92  8:26  Probe  
  98  8:30  Zealot x2  
  103  8:53  Probe  
  96  8:59  Stalker  
  98  9:00  Stalker  
Show
View Real Time Build Order
Export as new Build Order

InFiniTy Zerg 

Build Orders: Hatch First 

Get SALT Encoding   

  12  0:01  Drone  
  13  0:08  Drone  
  14  0:24  Overlord  
  14  0:45  Hatchery  
  14  0:49  Drone  
  15  0:50  Drone  
  15  0:55  Drone  
  16  1:02  Drone  
  17  1:16  Spawning Pool  
  16  1:21  Extractor  
  15  1:26  Extractor  
  15  1:27  Drone x2  
  16  1:53  Hatchery  
  15  1:57  Drone x2  
  15  2:00  Drone  
  18  2:10  Queen  
  20  2:20  Queen  
  22  2:37  Drone x5  
  23  2:38  Drone  
  28  2:50  Overlord  
  28  2:51  Overlord  
  28  3:06  Queen  
  29  3:27  Zergling x8  
  29  3:28  Zergling x8  
  37  3:39  Zergling x8  
  37  3:40  Zergling x6  
  44  3:45  Overlord  
  44  3:50  Overlord  
  44  3:57  Metabolic Boost  
  44  4:06  Lair  
  44  4:14  Drone, Zergling x2  
  44  4:15  Zergling x2  
  47  4:17  Zergling x2  
  47  4:21  Zergling x2  
  49  4:24  Zergling x2  
  49  4:27  Zergling x2  
  49  4:30  Zergling x2  
  36  5:17  Hydralisk Den  
  36  5:20  Zergling x12  
  36  5:21  Zergling x12  
  42  5:22  Zergling x6  
  48  5:41  Zergling x6  
  51  5:44  Zergling x4  
  51  5:45  Zergling x6  
  51  5:47  Zergling x2  
  57  5:54  Queen  
  59  6:05  Zergling x6  
  59  6:07  Zergling x2  
  63  6:16  Drone x2  
  65  6:19  Overlord  
  65  6:24  Overlord  
  33  7:01  Hydralisk  
  33  7:02  Hydralisk x5  
  33  7:03  Hydralisk  
  33  7:07  Drone  
  48  7:09  Drone  
  48  7:13  Drone  
  50  7:48  Hydralisk x5  
  50  7:50  Hydralisk  
  62  7:55  Hydralisk  
  64  7:59  Hydralisk  
  64  8:04  Hydralisk  
  68  8:25  Drone x2  
  68  8:26  Drone x5  
  68  8:27  Drone x2  
  76  8:33  Hydralisk  
  79  8:35  Hydralisk  
  81  8:43  Overlord  
Tags
 
Add a new tag
Caveats
  • Supply blocks, unpowered buildings, or Contaminate may cause inaccurate times.
  • Supply counts are checked every 10 seconds.